 Dungeon Crawl Stone Soup version 0.29.1-14-g9c671dbff4 (webtiles) character file.

Game seed: 12904516082777119688

718 Sanktem7 the Trooper (level 7, -1/66 HPs)
             Began as a Minotaur Fighter on Feb 18, 2023.
             Slain by a gnoll
             ... wielding a +0 spear
             ... led by a gnoll bouda
              (5 damage)
             ... on level 5 of the Dungeon.
             The game lasted 00:05:06 (4080 turns).

Sanktem7 the Trooper (Minotaur Fighter)             Turns: 4080, Time: 00:05:07

Health: -1/66      AC: 12    Str: 22    XL:     7   Next: 42%
Magic:  6/6        EV:  6    Int:  5    God:
Gold:   121        SH:  4    Dex: 10    Spells: 6/6 levels left

rFire   . . .      SeeInvis .   a - +0 war axe {axe}
rCold   . . .      Faith    .   c - +0 buckler
rNeg    . . .      Spirit   .   w - +0 plate armour
rPois   .          Reflect  .   (helmet restricted)
rElec   .          Harm     .   (no cloak)
rCorr   .          Rampage  .   (no gloves)
Will    .....                   (no boots)
Stlth   ..........              (no amulet)
HPRegen 0.21/turn               x - ring of flight
MPRegen 0.10/turn               (no ring)

@: weakened, flying
A: horns 2, retaliatory headbutt
a: no special abilities


You were on level 5 of the Dungeon.
You visited 1 branch of the dungeon, and saw 5 of its levels.

You collected 121 gold pieces.


Innate Abilities, Weirdness & Mutations

You have a pair of horns on your head.
You reflexively headbutt those who attack you in melee.


   Skills:
 * Level 7.2 Fighting
 * Level 6.7 Axes
 + Level 5.6 Armour
 - Level 3.6 Shields


You had 6 spell levels left.
You didn't know any spells.
Your spell library contained the following spells:

 Spells                   Type           Power      Damage    Failure   Level
 Static Discharge         Conj/Air       0%         3-3/arc   100%        2
 Corpse Rot               Necr/Pois/Air  0%         N/A       100%        4
 Dispel Undead            Necr           0%         3d6       100%        4
 Lightning Bolt           Conj/Air       0%         1d11      100%        5
 Death Channel            Necr           0%         N/A       100%        6
 Maxwell's Capacitive Co  Air            0%         ∞         100%        8

Inventory:

Hand Weapons
 a - a +0 war axe (weapon) {axe}
 b - a +1 vampiric spear {polearm}
   (You took it off a gnoll on level 4 of the Dungeon)
 l - a +1 dagger of distortion {!wshort}
   (You took it off a kobold on level 1 of the Dungeon)
Missiles
 f - 73 stones (quivered) {throwing}
 p - a throwing net {=f!fthrowing}
 v - 4 boomerangs {throwing}
Armour
 c - a +0 buckler (worn)
 w - a +0 plate armour (worn)
   (You found it on level 4 of the Dungeon)
Jewellery
 x - a ring of flight (left hand)
   (You found it on level 4 of the Dungeon)
Wands
 t - a wand of flame (8)
   (You found it on level 3 of the Dungeon)
Scrolls
 e - 2 scrolls of magic mapping {unknown}
 g - a scroll of enchant armour {unknown}
 h - 3 scrolls of identify {unknown}
 j - a scroll of teleportation {unknown}
 n - 2 scrolls of enchant weapon {unknown}
 q - a scroll of blinking {unknown}
 u - 2 scrolls of fog {unknown}
Potions
 d - a potion of might
 i - 2 potions of berserk rage {unknown}
 k - 2 potions of curing {unknown}
 m - a potion of haste {unknown}
 r - 2 potions of attraction {unknown}
 s - 2 potions of brilliance {unknown}

Dungeon Overview and Level Annotations

Branches:
Dungeon (5/15) Zot: 25854
 Temple: D:4-7

Altars:
Zin

Shops:
D:2

( ## .#########
#........####
#...........###
#..........@..#
#......gg....#
#.......g....#
#..<.....g..##
##..........#
##......####
########


You could see a gnoll bouda and 3 gnolls.


Message History

You hit the phantom. Your headbutt misses the phantom. You hit the gnoll.
The phantom hits you. The gnoll hits you but does no damage.
The gnoll bouda barks out a call to the hunt!
The gnolls pick up the pace! 😕 HP[-3]
You take 3 damage, and now have 63/66 hp.
You hit the phantom. You hit the gnoll. The gnoll hits you with a +0 spear.
The phantom hits you but does no damage. 😕 HP[-1]
You take 1 damage, and now have 62/66 hp.
You barely miss the phantom. Your headbutt misses the phantom.
You hit the gnoll. The gnoll barely misses you.
The gnoll hits you but does no damage. The phantom closely misses you.
The gnoll hits you but does no damage.
You hit the gnoll. You headbutt the gnoll. You hit the phantom.
You block the phantom's attack. The gnoll hits you but does no damage.
The gnoll hits you from afar with a +0 halberd.
The phantom hits you but does no damage. 😕 HP[-2]
You take 2 damage, and now have 60/66 hp.
You slash the phantom! You hit the gnoll bouda.
The gnoll hits you but does no damage. x2; You block the gnoll's attack.
The phantom hits you.
The phantom blinks!
You blink. 😕 HP[-2]
You take 2 damage, and now have 58/66 hp.
You closely miss the phantom. The phantom hits you.
The phantom blinks!
You blink. 😕 HP[-3]
You take 3 damage, and now have 55/66 hp.
You hit the phantom but do no damage. You headbutt the phantom.
The phantom hits you but does no damage.
You miss the phantom.
The phantom hits you but does no damage.
You hit the phantom.
You destroy the phantom!
The gnoll throws a throwing net.
The throwing net hits you.
You become entangled in the net!
The gnoll barely misses you. 😕 HP[+1]
You tear a large gash into the net.
The gnoll hits you from afar with a +0 spear!
The gnoll hits you from afar with a +0 halberd! 😮 HP[-16]
You take 16 damage, and now have 40/66 hp.
MASSIVE DAMAGE!! (PAUSE)
You struggle against the net.
The gnoll hits you from afar with a +0 spear. x2
* * * LOW HITPOINT WARNING * * *
The gnoll hits you but does no damage. 😨 HP[-7]
You take 7 damage, and now have 33/66 hp.
You shred the net and break free!
The gnoll is no longer moving quickly.
The gnoll hits you but does no damage. x3
The gnoll bouda hits you with a +0 whip!
* * * LOW HITPOINT WARNING * * *
😨 HP[-10]
You take 10 damage, and now have 23/66 hp.
You completely miss the gnoll bouda. The gnoll closely misses you.
The gnoll hits you from afar with a +0 halberd.
* * * LOW HITPOINT WARNING * * *
The gnoll hits you but does no damage.
The gnoll bouda barks out a call to the hunt!
The gnoll picks up the pace! 😨 HP[-5]
You take 5 damage, and now have 18/66 hp.
You closely miss the gnoll bouda.
The gnoll hits you but does no damage. x2
The gnoll closely misses you.
The gnoll bouda gazes fiercely through you!
You feel your attacks grow feeble.
The gnoll bouda hits you but does no damage.
The gnoll hits you from afar with a +0 spear.
* * * LOW HITPOINT WARNING * * *
😨 HP[-1]
You take 1 damage, and now have 17/66 hp.
You hit the gnoll bouda.
The gnoll is no longer moving quickly.
The gnoll hits you from afar with a +0 halberd.
* * * LOW HITPOINT WARNING * * *
You block the gnoll's attack.
The gnoll bouda barks out a call to the hunt!
The gnoll picks up the pace!
The gnoll hits you but does no damage. 😱 HP[-4]
You take 4 damage, and now have 13/66 hp.
You hit the gnoll bouda but do no damage.
You block the gnoll's attack. The gnoll hits you but does no damage.
The gnoll bouda barely misses you. The gnoll hits you but does no damage.
The gnoll hits you from afar with a +0 spear.
* * * LOW HITPOINT WARNING * * *
The gnoll barely misses you.
The gnoll bouda hits you with a +0 whip!
* * * LOW HITPOINT WARNING * * *
😱 HP[-10]
You take 10 damage, and now have 3/66 hp.
The gnoll is no longer moving quickly.
The gnoll bouda barks out a call to the hunt!
The gnoll picks up the pace! 😱 HP[+1]
The gnoll hits you from afar with a +0 spear.
You die...

Skill      XL: |  1  2  3  4  5  6  7 |
---------------+----------------------+-----
Fighting       | 4 5 6 7 |  7.2
Axes           | 3 5 6 |  6.7
Armour         | 4 5 |  5.6
Shields        | |  3.6

Action                   |  1- 3 |  4- 6 |  7- 9 || total
-------------------------+-------+-------+-------++-------
Melee: War axe           |    86 |    82 |    44 ||   212
       Headbutt          |    16 |    13 |     5 ||    34
Armor: Scale mail        |    48 |    41 |       ||    89
       Plate armour      |       |       |    32 ||    32
Dodge: Dodged            |    33 |    33 |    17 ||    83
Block: Buckler           |    19 |    17 |     9 ||    45

Levels and vault maps discovered:
D:1:      amcnicky_arrival_underground_garden, layout_loops_ring,
          ebering_ecumenical_altar_hall
D:2:      layout_basic, serial_shops, nicolae_shop_advertising_works
          [nicolae_subvault_shop_adworks]
D:3:      layout_loops_ring, old_standard_altar, grunt_ministairs_7,
          uniq_sigmund
D:4:      layout_basic, uniq_menkaure
D:5:      layout_cave_pods, lemuel_coloured_pillars_altar,
          kennysheep_little_box, minmay_temple_entry_wispy, item_on_display_a

Notes
Turn   | Place    | Note
-------+----------+-------------------------------------------
     0 | D:1      | Sanktem7 the Minotaur Fighter began the quest for the Orb.
     0 | D:1      | Reached XP level 1. HP: 19/19 MP: 0/0
     0 | D:1      | magus.rc [v1.9.6]
   106 | D:1      | Reached XP level 2. HP: 25/27 MP: 1/1
   137 | D:1      | Found a faded altar of an unknown god.
   154 | D:1      | Reached skill level 4 in Fighting
   235 | D:1      | Reached skill level 3 in Axes
   764 | D:1      | Reached XP level 3. HP: 33/33 MP: 2/2
   964 | D:2      | Reached skill level 4 in Armour
  1127 | D:2      | Reached XP level 4. HP: 41/41 MP: 3/3
  1260 | D:2      | Found Xeqiob's Antique Weapon Shoppe.
  1369 | D:2      | Reached skill level 4 in Axes
  1767 | D:3      | Noticed Sigmund
  1780 | D:3      | Killed Sigmund
  1781 | D:3      | Reached skill level 5 in Fighting
  1781 | D:3      | Reached skill level 5 in Axes
  1781 | D:3      | Reached XP level 5. HP: 21/50 MP: 4/4
  2101 | D:3      | Noticed an ogre
  2104 | D:3      | Killed an ogre
  2105 | D:3      | Reached skill level 6 in Fighting
  2105 | D:3      | Reached XP level 6. HP: 57/57 MP: 5/5
  2171 | D:3      | Reached skill level 5 in Armour
  2249 | D:3      | Found a glowing silver altar of Zin.
  2261 | D:3      | You pick up a book of Decay and begin reading...
  2261 | D:3      | You add the spells Corpse Rot, Dispel Undead and Death
                  | Channel to your library.
  2818 | D:4      | You pick up a book of Lightning and begin reading...
  2818 | D:4      | You add the spells Static Discharge, Lightning Bolt and
                  | Maxwell's Capacitive Coupling to your library.
  2883 | D:4      | HP: 14/58 [orc priest/nerve-wracking pain (5)]
  2884 | D:4      | HP: 2/58 [orc priest/divine providence (10)]
  3195 | D:4      | Reached skill level 6 in Axes
  3258 | D:4      | Noticed Menkaure
  3264 | D:4      | Killed Menkaure
  3265 | D:4      | Reached XP level 7. HP: 34/64 MP: 6/6
  3497 | D:4      | Reached skill level 7 in Fighting
  4062 | D:5      | Entered Level 5 of the Dungeon
  4077 | D:5      | HP: 13/66 [gnoll/+0 halberd[a gnoll bouda] (4)]
  4078 | D:5      | HP: 3/66 [gnoll bouda/+0 whip (9)]
  4080 | D:5      | Slain by a gnoll

Vanquished Creatures
  Sigmund (D:3)
  Menkaure (D:4)
  An ogre (D:3)
  A phantom (D:5)
  A scorpion (D:4)
  An orc priest (D:4)
  7 adders
  4 gnolls (D:4)
  4 worms
  2 dart slugs
  4 orcs (D:4)
  6 ball pythons
  5 bats
  7 endoplasms
  2 giant cockroaches
  3 goblins
  5 hobgoblins
  11 jackals
  3 quokkas
  4 frilled lizards
  11 kobolds
  3 rats (D:1)
87 creatures vanquished.

Table legend:
 A = Non-vault XP
 B = Vault XP
 C = Vault XP percentage of total XP
 D = Non-vault monster count
 E = Vault monster count
 F = Vault count percentage of total count
                 A         B        C        D         E       F
            +---------+---------+-------+---------+---------+-------
      Total |     628 |     398 |  38.8 |      83 |       4 |   4.6
            +---------+---------+-------+---------+---------+-------
        D:1 |      42 |       0 |   0.0 |      25 |       0 |   0.0
        D:2 |      76 |       0 |   0.0 |      20 |       0 |   0.0
        D:3 |     163 |     229 |  58.4 |      12 |       3 |  20.0
        D:4 |     242 |     169 |  41.1 |      25 |       1 |   3.8
        D:5 |     105 |       0 |   0.0 |       1 |       0 |   0.0
            +---------+---------+-------+---------+---------+-------

Illustrated notes

Table legend:
 A = Kills in this place as a percentage of kills in entire the game.
 B = Kills by you in this place as a percentage of kills by you in the entire game.
 C = Kills by friends in this place as a percentage of kills by friends in the entire game.
 D = Other kills in this place as a percentage of other kills in the entire game.
 E = Experience gained in this place as a percentage of experience gained in the entire game.
 F = Experience gained in this place divided by the number of levels of this place that you have seen.
                   A       B       C       D       E      F
               +-------+-------+-------+-------+-------+----------------------
         Total | 100.0 | 100.0 |   N/A |   N/A | 100.0 | 205.2
       Dungeon | 100.0 | 100.0 |   N/A |   N/A | 100.0 | 205.2
               +-------+-------+-------+-------+-------+----------------------

Table legend: (Time is in decaauts)
 A = Elapsed time spent in this place.
 B = Non-inter-level travel time spent in this place.
 C = Inter-level travel time spent in this place.
 D = Time resting spent in this place.
 E = Time spent auto-exploring this place.
 F = Levels seen in this place.
 G = Mean time per level.
                   A        B        C        D        E       F      G
               +--------+--------+--------+--------+--------+-----+--------+
         Total |   4144 |   4099 |     45 |    405 |   3101 |   5 |  828.8 |
       Dungeon |   4144 |   4099 |     45 |    405 |   3101 |   5 |  828.8 |
               +--------+--------+--------+--------+--------+-----+--------+

Top non-repeatable levels by time:
     D:4: 1530 daAuts
     D:3: 993 daAuts
     D:1: 969 daAuts
     D:2: 630 daAuts
     D:5: 20 daAuts
